 Dungeon Crawl Stone Soup version 0.23.0 (webtiles) character file.

Game seed: 5015715945053216848

335 KoJIDuN the Shield-Bearer (level 6, -6/53 HPs)
             Began as a Minotaur Fighter on Feb 15, 2019.
             Mangled by a gnoll
             ... wielding a +0 spear
              (8 damage)
             ... on level 4 of the Dungeon.
             The game lasted 00:18:18 (3095 turns).

KoJIDuN the Shield-Bearer (Minotaur Fighter)        Turns: 3095, Time: 00:18:18

Health: -6/53      AC:  9    Str: 21 (22) XL:     6   Next: 28%
Magic:  5/5        EV:  6    Int:  4 (5)  God:
Gold:   104        SH:  9    Dex:  8 (10) Spells: 5/5 levels left

rFire    . . .     SeeInvis .     - Unarmed
rCold    . . .     Gourm    .   c - +0 shield
rNeg     . . .     Faith    .   l - +0 chain mail
rPois    .         Spirit   .   (helmet restricted)
rElec    .         Reflect  .   (no cloak)
rCorr    .         Harm     .   (no gloves)
MR       .....                  (no boots)
Stlth    ..........             (no amulet)
HPRegen  0.17/turn              f - ring of wizardry {y}
MPRegen  0.09/turn              j - ring of attention (curse) {Y}

@: no status effects
A: retaliatory headbutt, horns 2
a: no special abilities


You were on level 4 of the Dungeon.
You were hungry.

You visited 1 branch of the dungeon, and saw 4 of its levels.

You collected 104 gold pieces.

Inventory:

Hand Weapons
 a - a +0 war axe
Armour
 c - a +0 shield (worn)
 l - a +0 chain mail (worn)
Jewellery
 e - a cursed -3 ring of dexterity {unknown}
 f - a ring of wizardry (left hand) {y}
 j - a cursed ring of attention (right hand) {Y}
Scrolls
 g - 3 scrolls of teleportation {unknown}
 h - a scroll of magic mapping {unknown}
 k - a scroll of random uselessness {unknown}
 m - 2 scrolls of enchant weapon {unknown}
 n - a scroll of identify {unknown}
Potions
 d - a potion of might
 o - 2 potions of heal wounds {unknown}
 p - a potion of curing
 q - a potion of berserk rage {unknown}
 r - a potion of lignification {unknown}
 s - a potion of invisibility {unknown}
Comestibles
 i - 8 rations {i}


   Skills:
 + Level 4.3 Fighting
 + Level 4.1 Axes
 + Level 4.8 Armour
 + Level 1.2 Dodging
 + Level 0.1 Stealth
 + Level 5.3 Shields
 + Level 2.9 Unarmed Combat


You had 5 spell levels left.
You didn't know any spells.
Your spell library contained the following spells:

 Spells                   Type           Power        Failure   Level  Hunger
 Magic Dart               Conj           #...         99%         1    ##.....
 Blink                    Tloc           N/A          100%        2    ###....
 Call Imp                 Summ           #.......     100%        2    ###....
 Slow                     Hex            #.......     100%        2    ###....
 Conjure Flame            Conj/Fire      #.......     100%        3    ####...
 Mephitic Cloud           Conj/Pois/Air  #.......     100%        3    ####...


Dungeon Overview and Level Annotations

Branches:
Dungeon (4/15)
 Temple: D:4-7

Altars:
Hepliaklqana
Vehumet


Innate Abilities, Weirdness & Mutations

You reflexively headbutt those who attack you in melee.
You have a pair of horns on your head.


Message History

You barely miss the iguana.
The iguana is severely wounded.
You block the iguana's attack.
You hit the iguana.
The iguana is almost dead.
The iguana bites you!
* * * LOW HITPOINT WARNING * * *
The gnoll hits you but does no damage.
The gnoll hits you from afar with a +0 spear.
* * * LOW HITPOINT WARNING * * *
You are too injured to fight recklessly!
You are too injured to fight recklessly!
You are too injured to fight recklessly!
You are too injured to fight recklessly!
You hit the iguana.
You kill the iguana!
The gnoll hits you.
* * * LOW HITPOINT WARNING * * *
The gnoll hits you from afar with a +0 spear!
You die...

....... ...... .....
.... ####+####'#####
#..............
#..............
.#########..............
..(....@##.....##......#
.##...gg##g....##......#
#....†g).........g....
#.....##g....<........
########..............
#.....###....?# #######
#######


You could see 3 gnolls.

Vanquished Creatures
  A howler monkey (D:4)
  Crazy Yiuf (D:3)
  A hound (D:4)
  An iguana (D:4)
  Jessica (D:3)
  A hound zombie (D:3)
  4 gnolls
  A howler monkey skeleton (D:3)
  4 adders
  An ooze (D:1)
  An adder zombie (D:3)
  An adder skeleton (D:3)
  2 dart slugs
  4 leopard geckos (D:3)
  2 ball pythons (D:2)
  6 giant cockroaches
  11 hobgoblins
  2 jackals (D:3)
  2 quokkas (D:3)
  8 bats
  3 frilled lizards
  4 goblins
  5 kobolds
  A leopard gecko skeleton (D:3)
  A leopard gecko zombie (D:2)
  A quokka zombie (D:3)
  6 rats
  A withered plant (D:3)
77 creatures vanquished.

Notes
Turn   | Place    | Note
-------+----------+-------------------------------------------
     0 | D:1      | KoJIDuN the Minotaur Fighter began the quest for the Orb.
     0 | D:1      | Reached XP level 1. HP: 19/19 MP: 0/0
   209 | D:1      | Reached skill level 4 in Shields
   209 | D:1      | Reached XP level 2. HP: 27/27 MP: 1/1
   888 | D:2      | Reached XP level 3. HP: 33/33 MP: 2/2
   973 | D:2      | Found a radiant altar of Vehumet.
  1016 | D:2      | Found a faded altar of an unknown god.
  1442 | D:2      | Found a hazy altar of Hepliaklqana.
  1655 | D:3      | Noticed Jessica
  1664 | D:3      | Killed Jessica
  1664 | D:3      | Reached XP level 4. HP: 33/40 MP: 3/3
  1866 | D:3      | Reached skill level 1 in Unarmed Combat
  1946 | D:3      | Reached skill level 1 in Dodging
  1963 | D:3      | Reached XP level 5. HP: 25/46 MP: 4/4
  2044 | D:3      | Reached skill level 5 in Shields
  2564 | D:3      | Found a runed translucent door.
  2565 | D:3      | Noticed Crazy Yiuf
  2801 | D:3      | Killed Crazy Yiuf
  3077 | D:4      | Reached XP level 6. HP: 25/53 MP: 5/5
  3095 | D:4      | HP: 2/53 [gnoll (1)]
  3095 | D:4      | Mangled by a gnoll

Skill      XL: |  1  2  3  4  5 |
---------------+----------------+-----
Shields        | 4 5 |  5.3
Armour         | 4 |  4.8
Axes           | 3 4 |  4.1
Fighting       | 4 |  4.3
Unarmed Combat | 1 2 |  2.9
Dodging        | 1 |  1.2
Stealth        | |  0.1

Action                   |  1- 3 |  4- 6 || total
-------------------------+-------+-------++-------
Melee: War axe           |   101 |    38 ||   139
       Headbutt          |    11 |    29 ||    40
       Unarmed           |    18 |   124 ||   142
  Use: Scroll            |       |     1 ||     1
       Potion            |       |     2 ||     2
  Eat: Ration            |     1 |     1 ||     2
Armor: Scale mail        |    26 |       ||    26
       Chain mail        |    39 |    82 ||   121
Dodge: Dodged            |    32 |    39 ||    71
Block: Shield            |    64 |    73 ||   137
